 Dungeon Crawl Stone Soup version 0.21.1-1-g345015fe64 (webtiles) character file.

131 RaHiT the Sneak (level 4, -6/33 HPs)
             Began as a Vampire Assassin on Feb 24, 2018.
             Mangled by Crazy Yiuf
             ... wielding a +2 quarterstaff of chaos
              (11 damage)
             ... on level 2 of the Dungeon.
             The game lasted 00:06:55 (1625 turns).

RaHiT the Sneak (Vampire Assassin)                  Turns: 1625, Time: 00:06:56

Health: -6/33      AC:  3    Str: 10    XL:     4   Next: 91%
Magic:  13/13      EV: 13    Int: 19    God:
Gold:   85         SH:  0    Dex: 18    Spells: 3/3 levels left

rFire    . . .     SeeInvis +   a - +2 dagger
rCold    . . .     Gourm    .   (no shield)
rNeg     + . .     Faith    .   c - +0 robe
rPois    .         Spirit   .   (no helmet)
rElec    .         Reflect  .   d - +0 cloak
rCorr    .         Harm     .   (no gloves)
MR       .....                  (no boots)
Stlth    ++++......             (no amulet)
HPRegen  0.11/turn              r - +3 ring of dexterity
MPRegen  0.13/turn              n - ring of magical power

@: brilliant
A: fangs 3, see invisible, unbreathing
a: Bat Form


You were on level 2 of the Dungeon.
You were not thirsty.

You visited 1 branch of the dungeon, and saw 2 of its levels.

You collected 85 gold pieces.

Inventory:

Hand Weapons
 a - a +2 dagger (weapon)
 b - a +0 blowgun
Missiles
 e - 8 poisoned needles
 f - 2 curare-tipped needles
 t - a throwing net (quivered)
Armour
 c - a +0 robe (worn)
 d - a +0 cloak (worn)
Jewellery
 h - an uncursed ring of flight
 n - a ring of magical power (right hand)
 q - an uncursed ring of magical power
 r - a +3 ring of dexterity (left hand)
Scrolls
 g - 4 scrolls of identify {unknown}
 i - a scroll of random uselessness {unknown}
 k - 2 scrolls of amnesia {unknown}
 l - a scroll of fear {unknown}
 o - a scroll of immolation {unknown}
 p - a scroll of noise {unknown}
Potions
 j - 11 potions of blood
 m - a potion of ambrosia {unknown}


   Skills:
 - Level 2.0 Fighting
 + Level 3.0 Short Blades
 + Level 2.3 Throwing
 + Level 2.4 Dodging
 * Level 7.5 Stealth


You had 3 spell levels left.
You didn't know any spells.

Dungeon Overview and Level Annotations

Branches:
Dungeon (2/15)

Altars:
Gozag
Nemelex Xobeh
Xom

Annotations:
D:2 Crazy Yiuf


Innate Abilities, Weirdness & Mutations

You have razor-sharp teeth.
You have supernaturally acute eyesight. (SInv)
You can survive without breathing.


Message History

Crazy Yiuf is lightly wounded.
You hit Crazy Yiuf.
Crazy Yiuf is moderately wounded.
Crazy Yiuf completely misses you.
You completely miss Crazy Yiuf.
Crazy Yiuf is moderately wounded.
Crazy Yiuf hits you with a quarterstaff of chaos!
Crazy Yiuf freezes you.
Crazy Yiuf whimpers, "Seed shoe wrapper!"
You hit Crazy Yiuf.
Crazy Yiuf is moderately wounded.
Crazy Yiuf barely misses you.
You closely miss Crazy Yiuf.
Crazy Yiuf is moderately wounded.
You hit Crazy Yiuf.
Crazy Yiuf is heavily wounded.
Crazy Yiuf hits you with a quarterstaff of chaos!
* * * LOW HITPOINT WARNING * * *
You convulse!
You die...

# #.#...##.#
##########.########
#.......#.#
##.#####.#.#
........[..##♣ ####
########.....♣♣♣
♣♣#..)#
#.....PP♣♣♣♣.'...#
#.#....P.♣g.♣#...#
#.##..P.♣@♣♣♣ ####
#.####♣♣♣♣♣ #.###
#.%.######
####.....# ##...##
##.## #.# #.#


You could see Crazy Yiuf.

Vanquished Creatures
  A hound (D:2)
  3 gnolls (D:2)
  2 adders (D:2)
  An ooze (D:1)
  2 worms (D:2)
  3 dart slugs
  A leopard gecko (D:2)
  5 bats
  3 giant cockroaches (D:2)
  6 goblins
  A hobgoblin (D:2)
  3 jackals (D:1)
  A quokka (D:2)
  2 frilled lizards (D:1)
  3 kobolds (D:1)
  4 rats
  A fungus (D:2)
42 creatures vanquished.

Notes
Turn   | Place    | Note
-------+----------+-------------------------------------------
     0 | D:1      | RaHiT the Vampire Assassin began the quest for the Orb.
     0 | D:1      | Reached XP level 1. HP: 16/16 MP: 1/1
    56 | D:1      | Reached skill level 6 in Stealth
   166 | D:1      | Reached XP level 2. HP: 17/22 MP: 2/2
   764 | D:2      | Found a sparkling altar of Nemelex Xobeh.
   767 | D:2      | Reached XP level 3. HP: 27/27 MP: 3/3
   876 | D:2      | Found an opulent altar of Gozag.
   906 | D:2      | Reached skill level 7 in Stealth
   906 | D:2      | Reached XP level 4. HP: 15/33 MP: 4/4
  1267 | D:2      | Found a shimmering altar of Xom.
  1607 | D:2      | Found a runed door.
  1611 | D:2      | Noticed Crazy Yiuf
  1625 | D:2      | Mangled by Crazy Yiuf

Skill      XL: |  1  2  3  4 |
---------------+-------------+-----
Stealth        | 6 7 |  7.5
Fighting       | 2 |  2.0
Throwing       | 2 |  2.3
Dodging        | 2 |  2.4
Short Blades   | 3 |  3.0

Action                   |  1- 3 |  4- 6 || total
-------------------------+-------+-------++-------
Melee: Dagger            |    57 |    71 ||   128
       Bite              |     6 |     9 ||    15
 Fire: Blowgun           |       |    12 ||    12
  Use: Potion            |     7 |     1 ||     8
 Stab: Sleeping          |    10 |     4 ||    14
       Distracted        |     1 |       ||     1
Armor: Robe              |     6 |     7 ||    13
Dodge: Dodged            |    24 |    28 ||    52
